 Dungeon Crawl Stone Soup version 0.28.0-45-g0d030f2227 (webtiles) character file.

Game seed: 2345314728983957254

3413 sking99 the Grappler (level 10, -1/106 HPs)
             Began as an Ogre Transmuter on May 26, 2022.
             Was a Follower of Nemelex Xobeh.
             Killed from afar by an efreet (28 damage)
             ... with a fireball
             ... on level 7 of the Dungeon.
             The game lasted 00:17:43 (10486 turns).

sking99 the Grappler (Ogre Transmuter)             Turns: 10486, Time: 00:17:43

Health: -1/106     AC:  2    Str: 16    XL:     10   Next: 5%
Magic:  13/14      EV: 18    Int: 18    God:    Nemelex Xobeh [*.....]
Gold:   373        SH:  0    Dex: 14    Spells: 5/15 levels left

rFire   . . .      SeeInvis +     - Unarmed
rCold   . . .      Faith    .   (shield currently unavailable)
rNeg    . . .      Spirit   .   (armour currently unavailable)
rPois   x          Reflect  .   (helmet currently unavailable)
rElec   .          Harm     .   (cloak currently unavailable)
rCorr   .          Rampage  .   (gloves unavailable)
Will    +....                   (boots unavailable)
Stlth   +.........              (no amulet)
HPRegen 0.27/turn               f - ring of see invisible
MPRegen 0.14/turn               q - ring of flight

@: spider-form (expiring), flying
A: venomous fangs, tiny, unfitting armour, (tough skin 1)
a: End Transformation, Renounce Religion, Draw Escape, Draw Destruction, Draw
Summoning


You were on level 7 of the Dungeon.
You worshipped Nemelex Xobeh.
Nemelex Xobeh was aware of your devotion.
You were a venomous arachnid creature.
You visited 2 branches of the dungeon, and saw 9 of its levels.

You collected 373 gold pieces.

Inventory:

Armour
 a - a +1 robe (melded)
Jewellery
 f - a ring of see invisible (left front leg)
 q - a ring of flight (right front leg)
Wands
 h - a wand of mindburst (19)
 j - a wand of flame (11)
Scrolls
 n - a scroll of blinking
 o - a scroll of fog {unknown}
 r - a scroll of teleportation
Potions
 b - 6 potions of curing
 c - 3 potions of flight
 d - 2 potions of ambrosia {unknown}
 e - 2 potions of haste {unknown}
 g - 3 potions of resistance {unknown}
 i - a potion of might {unknown}
 k - 2 potions of mutation {unknown}
 l - 2 potions of brilliance {unknown}
 m - 3 potions of attraction {unknown}
 p - 2 potions of magic {unknown}


   Skills:
 + Level 8.5 Fighting
 - Level 1.7 Dodging
 * Level 8.9 Unarmed Combat
 - Level 3.0 Spellcasting
 - Level 5.0 Transmutations
 - Level 3.0 Poison Magic
 + Level 5.5 Invocations


You had 5 spell levels left.
You knew the following spells:

 Your Spells              Type           Power      Damage    Failure   Level
a - Beastly Appendage     Tmut           40%        N/A       8%          1
b - Wereblood             Tmut           20%        N/A       11%         2
c - Spider Form           Tmut/Pois      17%        N/A       24%         3
d - Ice Form              Ice/Tmut       11%        N/A       71%         4

Your spell library contained the following spells:

 Spells                   Type           Power      Damage    Failure   Level
 Passwall                 Tmut/Erth      9%         N/A       22%         2
 Apportation              Tloc           4%         N/A       34%         1
 Foxfire                  Conj/Fire      8%         2x1d4     34%         1
 Pain                     Necr           8%         1d4       34%         1
 Ensorcelled Hibernation  Hex/Ice        4%         N/A       45%         2
 Conjure Flame            Conj/Fire      2%         6-21      65%         3
 Inner Flame              Hex/Fire       2%         N/A       65%         3
 Swiftness                Air            2%         N/A       65%         3
 Tukima's Dance           Hex            2%         N/A       65%         3
 Alistair's Intoxication  Tmut/Pois      11%        N/A       83%         5
 Flame Wave               Conj/Fire      2%         2d4       95%         4
 Passage of Golubria      Tloc           2%         N/A       95%         4
 Yara's Violent Unravell  Hex/Tmut       5%         3d4       95%         5
 Agony                    Necr           2%         N/A       100%        5
 Excruciating Wounds      Necr           1%         N/A       100%        5


Dungeon Overview and Level Annotations

Branches:
Dungeon (8/15)             Temple (1/1) D:6
   Lair: D:8-11

Altars:
Ashenzari
Cheibriados
Dithmenos
Fedhas
Gozag
Hepliaklqana
Kikubaaqudgha
Makhleb
Nemelex Xobeh
Qazlal
Ru
Sif Muna
Trog
Uskayaw
Vehumet
Wu Jian
Xom
Yredelemnul
Zin
The Shining One

Shops:
D:5 !


Innate Abilities, Weirdness & Mutations

You are a venomous arachnid creature.
You have poisonous fangs.
You are tiny and dextrous.
Your spellcasting is less reliable in this form.
Your armour is entirely melded.
You are incapable of wielding weapons or throwing items.
You are too large for most types of armour.
((You have tough skin. (AC +1)))


Message History

The bolt of fire hits you!!
You hit the efreet but do no damage. You hit the efreet.
The efreet is lightly wounded.
The efreet misses you.
You hit the efreet but do no damage.
The efreet is poisoned.
The efreet is lightly wounded.
The efreet hits you with a +2 scimitar of flaming!
The efreet burns you.
You hit the efreet.
The efreet is lightly wounded.
The efreet gestures at you. The bolt of fire misses you.
The efreet gestures at you. The bolt of fire misses you.
You fly upwards.
There is a stone staircase leading down here.
The efreet misses you.
You bite the efreet!
The efreet is heavily wounded.
The efreet gestures at you.
The fireball explodes!
The fireball engulfs you!!
The fireball engulfs the efreet.
The efreet completely resists.
Unknown command.
Your transformation is almost over.
You hit the efreet but do no damage.
The efreet is heavily wounded.
You hit the efreet but do no damage.
The efreet is heavily wounded.
The efreet misses you.
You bite the efreet!
The efreet is severely wounded.
The efreet hits you with a +2 scimitar of flaming!
* * * LOW HITPOINT WARNING * * *
The efreet burns you.
* * * LOW HITPOINT WARNING * * *
The efreet gestures at you.
The fireball explodes!
The fireball engulfs you!!
You die...
Your body disappears without a glow.

######.................###
#............##.....#
####..#.......<...#....
#......##.............<
###.##..........#...###..
#...##...##..#......#####
#.#####..##..............
#.# #..##..........#### #.#
##s##..........# # #.#
#..#..........# ## ###.##
#R.#..........###. #....#
#..#..(........... #....#
#..#...........### #....#
#.>#.............. #....###
#.............#...
#......###.##..........##..
#....#..##......###########


You could see an efreet (poisoned).

Vanquished Creatures
  A two-headed ogre (D:7)
  An orc warrior (D:7)
  4 sky beasts
  4 ogres
  2 ice beasts (D:7)
  2 necrophages (D:7)
  A centaur (D:7)
  A phantom (D:4)
  2 elf zombies (D:5)
  4 scorpions
  A wyvern zombie (D:5)
  A water moccasin zombie (D:7)
  A water moccasin skeleton (D:5)
  2 centaur zombies
  3 hounds
  4 jellies
  2 bullfrog skeletons
  A centaur skeleton (D:7)
  3 iguanas
  2 human skeletons (D:5)
  A scorpion zombie (D:5)
  10 orc wizards
  A howler monkey zombie (D:5)
  4 gnolls (D:2)
  A howler monkey skeleton (D:7)
  8 adders
  An ufetubus (D:5)
  A worm (D:2)
  A dart slug (D:5)
  14 orcs
  3 bats
  3 endoplasms (D:1)
  3 giant cockroaches
  13 goblins
  7 hobgoblins
  3 jackals (D:1)
  A kobold (D:1)
  2 quokkas
  3 ball pythons
  3 frilled lizards
  An orc skeleton (D:5)
  An orc zombie (D:5)
  A quokka skeleton (D:4)
  2 rats
130 creatures vanquished.

Vanquished Creatures (others)
  A plant (D:4)
1 creature vanquished.

Grand Total: 131 creatures vanquished

Notes
Turn   | Place    | Note
-------+----------+-------------------------------------------
     0 | D:1      | sking99 the Ogre Transmuter began the quest for the Orb.
     0 | D:1      | Reached XP level 1. HP: 19/19 MP: 3/3
   291 | D:1      | Reached XP level 2. HP: 20/28 MP: 5/5
   488 | D:1      | Found a faded altar of an unknown god.
  1267 | D:2      | Learned a level 2 spell: Wereblood
  1421 | D:2      | Reached XP level 3. HP: 35/36 MP: 4/6
  1521 | D:2      | Learned a level 3 spell: Spider Form
  1860 | D:2      | Reached XP level 4. HP: 38/44 MP: 0/8
  1863 | D:2      | Reached skill level 1 in Poison Magic
  3271 | D:3      | Reached XP level 5. HP: 42/50 MP: 9/9
  3572 | D:4      | Noticed an ogre
  4004 | D:4      | Reached XP level 6. HP: 33/59 MP: 6/10
  4694 | D:4      | Reached XP level 7. HP: 66/67 MP: 8/11
  5331 | D:5      | Entered Level 5 of the Dungeon
  5331 | D:5      | Found Buicsuff's Distillery.
  5788 | D:5      | Reached skill level 5 in Unarmed Combat
  6043 | D:5      | Reached XP level 8. HP: 78/79 MP: 9/12
  6067 | D:5      | Found a sparkling altar of Nemelex Xobeh.
  6073 | D:5      | Became a worshipper of Nemelex Xobeh the Trickster
  6215 | D:5      | Reached skill level 5 in Fighting
  6279 | D:5      | Reached skill level 1 in Invocations
  6571 | D:5      | Reached skill level 5 in Transmutations
  6889 | D:5      | Found a stormy altar of Qazlal.
  7385 | D:5      | Reached XP level 9. HP: 28/92 MP: 10/13
  7645 | D:5      | Learned a level 4 spell: Ice Form
  8511 | D:6      | Reached * piety under Nemelex Xobeh
  8582 | D:6      | Found a staircase to the Ecumenical Temple.
  8603 | Temple   | Entered the Ecumenical Temple
  9669 | D:7      | Noticed a two-headed ogre
  9693 | D:7      | Killed a two-headed ogre
  9694 | D:7      | Reached skill level 5 in Invocations
 10217 | D:7      | Received a gift from Nemelex Xobeh
 10339 | D:7      | Reached XP level 10. HP: 95/106 MP: 10/14
 10486 | D:7      | Killed from afar by an efreet

Illustrated notes

Levels and vault maps discovered:
D:1:      lemuel_arrival_behind_the_door_small, layout_basic,
          shapermc_ecumenical_altar_mp_urbaneastern,
          amcnicky_mini_rare_corridor_liquid
D:2:      layout_basic, kennysheep_minor_cross, kennysheep_doodads
D:3:      layout_basic
D:4:      corexii_shack_village, layout_gridville, gup_sewer_entry_spiral
D:5:      minmay_angry_zag, layout_gridville, nemelex_spade_bored_becter,
          nicolae_overflow_hidden_temple, nicolae_ossuary_entry_catacombs,
          serial_shops, nicolae_stop_n_shop_1
D:6:      layout_rooms, minmay_temple_entry_stoned_glass
D:7:      kennysheep_six_static_rooms, layout_rooms
D:8:      layout_loops_ring, uniq_joseph
Temple:   hc_temple_tempest_star

Skill      XL: |  1  2  3  4  5  6  7  8  9 |
---------------+----------------------------+-----
Unarmed Combat | 3 4 5 6 8 |  8.9
Fighting       | 2 3 4 6 8 |  8.5
Transmutations | 2 3 4 5 |  5.0
Poison Magic   | 1 2 3 |  3.0
Spellcasting   | 3 |  3.0
Invocations    | 3 5 |  5.5
Dodging        | |  1.7

Action                   |  1- 3 |  4- 6 |  7- 9 | 10-12 || total
-------------------------+-------+-------+-------+-------++-------
Melee: Unarmed           |    78 |   142 |   337 |    15 ||   572
       Kick              |    24 |    15 |     3 |       ||    42
       Headbutt          |     8 |    12 |     3 |       ||    23
       Punch             |     2 |     5 |     6 |       ||    13
 Cast: Beastly Appendage |    22 |    15 |     2 |       ||    39
       Spider Form       |     1 |     4 |    34 |     2 ||    41
       Wereblood         |       |     1 |     1 |       ||     2
  Use: Scroll            |       |       |     9 |       ||     9
 Stab: Sleeping          |       |       |     1 |       ||     1
Armor: Robe              |    15 |    25 |    24 |       ||    64
       Skin              |       |     3 |    12 |       ||    15
Dodge: Dodged            |    32 |    80 |   174 |    11 ||   297
